 Dungeon Crawl Stone Soup version 0.20-a0-540-ge6d1839 (webtiles) character file.

270 Asddderdsw the Chiller (level 5, -2/39 HPs)
             Began as a Demigod Ice Elementalist on Jan 30, 2017.
             Slain by a big kobold
             ... wielding a +0 short sword
              (6 damage)
             ... in a sewer.
             The game lasted 00:15:10 (2821 turns).

Asddderdsw the Chiller (Demigod Ice Elementalist)   Turns: 2821, Time: 00:15:11

Health: -2/39      AC:  9    Str: 11    XL:     5   Next: 70%
Magic:  2/13       EV: 13    Int: 21    God:
Gold:   74         SH:  0    Dex: 16    Spells: 4/10 levels left

rFire    . . .     SeeInvis .   e - +0 whip
rCold    . . .     Gourm    .   a - +0 robe
rNeg     . . .     Faith    .   (no shield)
rPois    .         Spirit   .   g - +0 helmet
rElec    .         Reflect  .   (no cloak)
rCorr    .         Harm     .   f - +0 pair of gloves (curse)
MR       +....                  (no boots)
Stlth    +.........             (no amulet)
Regen    0.2/turn               (no ring)
                                k - ring of protection from magic

@: lethally poisoned (-2 -> -8), icy armour, slow
A: high mp 1
a: no special abilities


You were in a sewer.
You were not hungry.

You visited 1 branch of the dungeon, and saw 3 of its levels.
You also visited: Sewer.

You collected 74 gold pieces.

Inventory:

Hand Weapons
 e - a +0 whip (weapon)
 w - a +0 blowgun
Missiles
 h - 47 stones (quivered)
 l - 22 arrows
 n - 6 needles of frenzy
 q - 7 poisoned needles
Armour
 a - a +0 robe (worn)
 f - a cursed +0 pair of gloves (worn)
 g - a +0 helmet (worn)
Jewellery
 k - a ring of protection from magic (left hand)
Scrolls
 j - a scroll of identify {unknown}
 m - a scroll of remove curse {unknown}
 p - a scroll of amnesia
 s - a scroll of enchant weapon {unknown}
 t - a scroll of recharging {unknown}
 u - a scroll of teleportation {unknown}
 v - a scroll of random uselessness {unknown}
Books
 b - a book of Frost

   Spells                             Type                      Level
   a - Freeze                         Ice                          1
   b - Throw Frost                    Conjuration/Ice              2
   c - Ozocubu's Armour               Charms/Ice                   3
   d - Throw Icicle                   Conjuration/Ice              4
   e - Summon Ice Beast               Ice/Summoning                4
Comestibles
 c - a bread ration
 d - a royal jelly
 i - a meat ration
 o - 2 chunks of flesh
 r - 3 fruits


   Skills:
 + Level 0.5 Fighting
 + Level 1.0 Maces & Flails
 + Level 2.5 Dodging
 + Level 2.3 Stealth
 + Level 3.3 Spellcasting
 + Level 0.8 Conjurations
 + Level 4.2 Ice Magic


You had 4 spell levels left.
You knew the following spells:

 Your Spells              Type           Power        Failure   Level  Hunger
a - Freeze                Ice            ###.         1%          1    None
b - Throw Frost           Conj/Ice       ##....       10%         2    ##.....
c - Ozocubu's Armour      Chrm/Ice       ##......     21%         3    ###....


Dungeon Overview and Level Annotations

Branches:
Dungeon (3/15)


Innate Abilities, Weirdness & Mutations

You have an increased reservoir of magic. (+10% MP)


Message History

Confirm with . or Enter, or press ? or * to list all spells.
Aiming: Freeze
Press: ? - help, Shift-Dir - straight line, f/p - big kobold
Aim: a big kobold, wielding a short sword (heavily wounded)
You freeze the big kobold.
The big kobold is severely wounded.
* * * LOW HITPOINT WARNING * * *
You feel sick.
The big kobold hits you but does no damage.
Casting: Freeze
Confirm with . or Enter, or press ? or * to list all spells.
Aiming: Freeze
Press: ? - help, Shift-Dir - straight line, f/p - big kobold
Aim: a big kobold, wielding a short sword (severely wounded)
You freeze the big kobold.
The big kobold is almost dead.
* * * LOW HITPOINT WARNING * * *
You feel sick.
The big kobold hits you with an uncursed short sword.
You die...

#≈≈≈≈≈# ##≈)≈## #.≈≈#
#≈≈.# ##≈≈.# ##..≈≈# ###
####.≈≈≈.# #####.≈≈≈.
≈≈≈≈.≈.≈########K)≈≈≈#
≈≈≈≈≈≈####..≈..(@###.≈≈K.
≈..≈.## #.≈≈..≈.(# ###
.≈.≈≈####≈≈.≈...≈#
...≈..##.≈≈.####(≈≈≈
≈...≈≈..≈..## #####
...≈.≈≈≈.≈## ......≈≈..#
∩.∩≈≈≈≈≈.≈# ....≈≈≈.≈.#


You could see a big kobold.

Vanquished Creatures
  2 big kobolds (Sewer)
  3 adders
  2 oozes
  5 worms (Sewer)
  A dart slug (D:1)
  7 leopard geckos
  An orc (D:3)
  7 bats
  5 giant cockroaches
  5 goblins
  3 hobgoblins
  4 jackals (D:3)
  A quokka (D:2)
  3 ball pythons
  3 frilled lizards
  11 kobolds
  4 rats
67 creatures vanquished.

Notes
Turn   | Place    | Note
-------+----------+-------------------------------------------
     0 | D:1      | Asddderdsw the Demigod Ice Elementalist began the quest for the Orb.
     0 | D:1      | Reached XP level 1. HP: 14/14 MP: 5/5
   122 | D:1      | Reached skill level 3 in Ice Magic
   161 | D:1      | Reached XP level 2. HP: 7/20 MP: 7/7
   821 | D:1      | Reached XP level 3. HP: 17/26 MP: 2/8
   825 | D:1      | Learned a level 2 spell: Throw Frost
   829 | D:1      | Learned a level 3 spell: Ozocubu's Armour
  2001 | D:3      | Reached XP level 4. HP: 24/33 MP: 8/10
  2020 | D:3      | Found a glowing drain.
  2062 | Sewer    | Entered a sewer
  2082 | Sewer    | Noticed a big kobold
  2088 | Sewer    | Noticed a big kobold
  2107 | Sewer    | Killed a big kobold
  2107 | Sewer    | Reached skill level 1 in Maces & Flails
  2107 | Sewer    | Reached XP level 5. HP: 26/38 MP: 5/12
  2126 | Sewer    | Reached skill level 4 in Ice Magic
  2821 | Sewer    | Slain by a big kobold

Vault maps used:
D:1:      wheals_arrival_shading
D:2:      minmay_misc_feat_plants, hangedman_abyss_or_decor_lesser_grid
D:3:      lemuel_round_altar, portal_sewer_entry_f, fountainhead
Sewer:    sewer_co_tree

Skill      XL: |  1  2  3  4  5 |
---------------+----------------+-----
Dodging        | 2 |  2.5
Ice Magic      | 3 4 |  4.2
Spellcasting   | 2 3 |  3.3
Stealth        | 2 |  2.3
Maces & Flails | 1 |  1.0
Fighting       | |  0.5
Conjurations   | |  0.8

Action                   |  1- 3 |  4- 6 || total
-------------------------+-------+-------++-------
Melee: Whip              |    88 |    47 ||   135
 Cast: Freeze            |    54 |    39 ||    93
       Throw Frost       |       |     3 ||     3
       Ozocubu's Armour  |       |     2 ||     2
  Use: Scroll            |       |     1 ||     1
       Potion            |       |     1 ||     1
 Stab: Sleeping          |     4 |       ||     4
  Eat: Chunk             |     4 |     3 ||     7
Armor: Robe              |    52 |    15 ||    67
       Skin              |       |     5 ||     5
Dodge: Dodged            |    96 |    43 ||   139
